cohdb
Replays
Latest Replays
All Replays
Popular Replays
Top Player Replays
Match Explorer
How It Works
Community
CoH3 Stats
Reddit
Sign in to upload your games and track your stats! →
Sign in with Steam
Match 42082431
Unlisted
Match 42082431
Overview
Messages
Build Orders
End
Pioneer Squad
Construct Infanterie Kompanie
Selects Terror Battlegroup
Selects Machine Gun Camouflage
MG 42 Machine Gun Team
Grenadier Squad
Grenadier Squad
Grenadier Squad
Construct Panzergrenadier Kompanie
Medical Bunker
Pak 40 Anti-tank Gun Team
Medical Bunker
Panzergrenadier Squad
Pak 40 Anti-tank Gun Team
Selects Interrogate
Selects Propaganda Leaflet Drop
Selects No Quarter
Panzergrenadier Squad
Selects Interrogate
MG 42 Machine Gun Team
Construct Panzer Kompanie
Selects Propaganda Leaflet Drop
Propaganda Leaflet Drop
Sturmpanzer IV Brummbär
Pioneer Squad
GrW 34 Mortar Team
Pak 40 Anti-tank Gun Team
MG 42 Machine Gun Team
Grenadier Squad
Pak 40 Anti-tank Gun Team
MG 42 Machine Gun Team
Panzergrenadier Squad
Ratking_Lu
Skid
Misterseek
Jopjahh
Skullclown
OceanGrown
0
0
Comments
sign in to comment!
No comments posted yet!